Map: Nightshade LE

Players

soO

  • Race: Zerg Zerg
  • Spawn Location: 5:00

INnoVation - Winner!

  • Race: Terran Terran
  • League: Master
  • Spawn Location: 11:00

Event: Shopify TSL 5

VOD

Have the link to the VOD?

Description

Time

  • Played on: June 7, 2020, 10:35 a.m.
  • Length: 9:29

All games in this series

Show
View Real Time Build Order
Export as new Build Order

soO Zerg 

Build Orders: Hatch First, Muta Ling Bane 

Get SALT Encoding   

  12  0:00  Drone  
  13  0:12  Overlord  
  13  0:16  Drone  
  14  0:30  Drone  
  14  0:31  Drone  
  16  0:47  Hatchery  
  15  0:50  Drone  
  15  0:54  Drone  
  17  0:57  Drone  
  18  1:07  Extractor  
  17  1:13  Spawning Pool  
  17  1:16  Drone  
  17  1:19  Drone  
  18  1:27  Drone  
  19  1:38  Drone  
  20  1:49  Overlord  
  20  1:59  Queen x2  
  20  2:00  Zergling x4  
  26  2:10  Drone x2  
  28  2:22  Hatchery  
  27  2:31  Drone  
  27  2:35  Queen  
  29  2:39  Drone  
  29  2:41  Metabolic Boost  
  30  2:46  Overlord  
  30  2:48  Drone  
  31  2:51  Drone  
  31  2:53  Drone  
  31  2:56  Drone  
  34  3:00  Drone  
  35  3:08  Drone  
  35  3:09  Drone  
  35  3:11  Drone x2  
  39  3:14  Queen  
  39  3:19  Overlord  
  41  3:21  Drone  
  41  3:23  Drone  
  43  3:34  Queen, Drone  
  43  3:35  Drone  
  43  3:37  Overlord  
  43  3:39  Zergling x2  
  43  3:40  Zergling x2  
  49  3:44  Drone x2  
  49  3:47  Drone  
  52  3:48  Drone  
  52  3:53  Spore Crawler, Drone x2  
  52  3:54  Drone  
  55  3:56  Drone  
  55  4:00  Zergling x4  
  59  4:03  Queen  
  59  4:07  Lair  
  61  4:10  Drone  
  61  4:14  Drone x2, Extractor  
  61  4:16  Overlord  
  63  4:22  Baneling Nest  
  63  4:23  Zergling x4  
  64  4:24  Overlord  
  64  4:27  Drone  
  64  4:28  Overlord  
  65  4:31  Overlord  
  65  4:34  Overlord  
  65  4:36  Zergling x4  
  65  4:37  Drone  
  65  4:38  Drone  
  69  4:39  Drone  
  69  4:40  Drone  
  69  4:43  Drone  
  72  4:47  Spore Crawler  
  71  4:54  Spore Crawler  
  71  4:57  Drone  
  69  5:02  Drone x5  
  71  5:11  Drone x2  
  72  5:15  Drone x2  
  72  5:18  Drone x2  
  72  5:20  Drone  
  77  5:23  Drone  
  77  5:28  Drone, Centrifical Hooks, Extractor  
  78  5:29  Extractor x2  
  78  5:31  Drone  
  78  5:34  Extractor  
  72  5:36  Drone  
  72  5:39  Drone x3  
  72  5:40  Drone  
  75  5:43  Drone x2  
  77  5:55  Zergling x14  
  84  5:59  Overlord  
  84  6:03  Spire  
  75  6:08  Drone x5  
  77  6:12  Drone  
  79  6:18  Drone x2  
  79  6:20  Drone x2  
  79  6:21  Drone  
  79  6:22  Drone  
  79  6:23  Drone  
  79  6:24  Drone x2  
  87  6:32  Overlord  
  87  6:41  Drone  
  87  6:44  Evolution Chamber  
  87  6:45  Evolution Chamber  
  86  6:49  Zergling x14  
  86  6:54  Hatchery, Baneling x3  
  93  6:56  Hatchery  
  93  7:00  Zergling x12  
  98  7:02  Baneling  
  98  7:15  Mutalisk x6  
  98  7:17  Mutalisk x3  
  116  7:25  Zerg Ground Armor Level 1  
  116  7:27  Zergling x14  
  118  7:47  Zergling x8  
  118  7:48  Hatchery  
  118  7:51  Baneling x6  
  121  7:53  Overlord  
  121  7:56  Overlord  
  121  7:57  Baneling x4  
  121  7:58  Baneling  
  121  8:00  Overlord  
  121  8:01  Baneling  
  121  8:05  Baneling x2  
  121  8:14  Mutalisk  
  121  8:16  Overlord, Mutalisk  
  121  8:18  Zergling x24  
  137  8:23  Overseer  
  105  8:35  Zergling x12  
  105  8:40  Mutalisk x2  
  113  8:47  Zergling x12  
  119  8:50  Mutalisk x2  
  119  8:52  Baneling x3  
  119  8:54  Zergling x6  
  126  8:58  Hatchery  
  126  8:59  Overlord  
  126  9:00  Zergling x4  
  126  9:02  Baneling x4  
  127  9:04  Zergling x2  
Show
View Real Time Build Order
Export as new Build Order

INnoVation Terran - Winner!

Build Orders: Liberator Opening, Reaper Expand 

Get SALT Encoding   

  12  0:00  SCV  
  13  0:12  SCV  
  14  0:17  Supply Depot  
  14  0:24  SCV  
  15  0:38  SCV  
  15  0:40  Barracks  
  16  0:43  Refinery  
  16  0:50  SCV  
  17  1:02  SCV  
  18  1:14  SCV  
  19  1:27  Reaper, Orbital Command  
  20  1:38  Command Center  
  20  1:49  Supply Depot  
  20  1:52  SCV  
  21  1:59  Marine  
  22  2:04  SCV  
  22  2:07  Factory  
  23  2:12  Refinery  
  23  2:16  SCV  
  23  2:20  Barracks Reactor  
  24  2:29  SCV  
  25  2:41  SCV  
  26  2:50  Orbital Command  
  26  2:51  Starport  
  26  2:53  SCV  
  27  3:00  Hellion x2  
  27  3:03  Barracks Tech Lab  
  27  3:05  SCV  
  32  3:17  SCV x2  
  34  3:21  Hellion x2  
  34  3:23  Supply Depot  
  38  3:27  Liberator  
  38  3:30  SCV  
  38  3:31  SCV  
  43  3:43  Hellion  
  43  3:45  SCV, Hellion  
  43  3:46  SCV  
  43  3:47  Supply Depot  
  49  3:49  Stimpack  
  49  3:56  Marine  
  49  3:57  SCV  
  49  3:58  SCV  
  52  4:04  Hellion  
  52  4:09  Hellion, Supply Depot  
  56  4:12  Liberator  
  56  4:16  SCV x2  
  61  4:28  Command Center  
  61  4:33  SCV x2  
  63  4:40  Factory Tech Lab  
  63  4:41  Barracks  
  63  4:45  SCV x2  
  63  4:48  Marine  
  63  4:51  Barracks  
  65  4:57  SCV, Starport Reactor  
  65  4:58  SCV  
  66  5:02  Engineering Bay  
  66  5:03  Engineering Bay  
  66  5:04  Siege Tank  
  66  5:06  Marine  
  70  5:09  Refinery  
  70  5:12  Refinery  
  70  5:20  Supply Depot  
  70  5:28  Terran Infantry Weapons Level 1  
  70  5:29  Supply Depot, Terran Infantry Armor Level 1  
  70  5:31  SCV x2, Marine  
  70  5:41  Marine x2  
  72  5:43  SCV x2  
  72  5:44  Starport Reactor  
  72  5:46  Combat Shield  
  72  5:49  Marine  
  75  5:51  Supply Depot  
  75  5:54  Marine x2  
  75  5:55  SCV x2, Orbital Command  
  77  6:01  Siege Tank  
  76  6:07  SCV x2  
  76  6:11  Barracks  
  76  6:13  Orbital Command  
  76  6:15  Marine x4  
  76  6:16  Marine, Barracks  
  81  6:23  Medivac x2  
  85  6:28  SCV  
  85  6:30  SCV, Armory  
  87  6:36  Marine x3, Siege Tank  
  93  6:40  SCV, Marine x2  
  93  6:43  SCV, Supply Depot  
  93  6:44  SCV  
  98  6:48  Supply Depot  
  98  6:54  Marine x3  
  98  6:56  SCV x3  
  98  6:57  Marine x2  
  98  7:00  Barracks Reactor  
  106  7:03  Barracks Reactor  
  106  7:04  Medivac  
  106  7:05  Medivac  
  106  7:06  Supply Depot  
  110  7:11  Supply Depot  
  110  7:13  SCV x3  
  113  7:19  Marine x2  
  113  7:20  Marine x3  
  118  7:28  SCV, Supply Depot x2  
  118  7:29  SCV x2  
  121  7:34  Siege Tank  
  121  7:36  Supply Depot  
  124  7:37  Refinery x2  
  124  7:39  Marine x2  
  126  7:46  SCV x3  
  126  7:47  Reaper  
  126  7:48  Marine x6  
  136  7:51  Medivac  
  136  7:54  Medivac  
  140  8:00  SCV x3  
  140  8:02  Supply Depot, Marine x2  
  144  8:06  Marine x4  
  144  8:09  Missile Turret  
  144  8:14  Missile Turret x2  
  144  8:18  Siege Tank  
  145  8:20  SCV x2  
  123  8:34  Medivac  
  123  8:35  Medivac, Marine x5  
  132  8:44  Factory  
  132  8:47  Marine  
  132  8:48  Marine x2  
  134  8:50  Siege Tank  
  134  8:55  Marine x6  
  143  9:05  Marine  
  143  9:06  Marine x2  
Tags
 
Add a new tag
Caveats
  • Supply blocks, unpowered buildings, or Contaminate may cause inaccurate times.
  • Supply counts are checked every 10 seconds.